Map: Apotheosis LE

Players

ilouminos

  • Race: Protoss Protoss
  • League: Bronze

Gracz - Winner!

  • Race: Terran Terran
  • League: Silver

VOD

Have the link to the VOD?

Description

Time

  • Played on: Oct. 13, 2016, 11:29 a.m.
  • Length: 11:15
Show
View Real Time Build Order
Export as new Build Order

ilouminos Protoss 

Build Orders:  

Get SALT Encoding   

  12  0:02  Probe (Chrono Boost)  
  13  0:16  Pylon  
  13  0:21  Probe (Chrono Boost)  
  14  0:31  Probe (Chrono Boost)  
  15  0:42  Probe (Chrono Boost)  
  16  0:47  Pylon  
  16  0:52  Probe (Chrono Boost)  
  16  0:56  Assimilator  
  17  1:03  Probe (Chrono Boost)  
  18  1:14  Probe (Chrono Boost)  
  18  1:16  Gateway  
  19  1:20  Pylon  
  19  1:24  Probe (Chrono Boost)  
  20  1:35  Assimilator, Probe (Chrono Boost)  
  21  1:45  Probe (Chrono Boost)  
  22  1:51  Gateway  
  22  1:56  Probe (Chrono Boost)  
  23  2:06  Probe (Chrono Boost)  
  24  2:12  Cybernetics Core  
  24  2:16  Zealot  
  24  2:17  Probe (Chrono Boost)  
  27  2:30  Probe (Chrono Boost)  
  28  2:44  Warp Gate  
  28  2:46  Zealot  
  28  2:47  Gateway  
  30  2:55  Robotics Facility  
  30  3:13  Stalker x2  
  34  3:23  Gateway  
  34  3:40  Stalker  
  36  3:43  Stalker  
  38  3:53  Pylon  
  38  3:55  Pylon  
  38  4:11  Stalker x2  
  38  4:13  Stalker  
  44  4:28  Warp Prism  
  46  4:41  Sentry, Pylon  
  48  5:04  Immortal  
  48  5:06  Pylon  
  50  5:31  Stalker x2  
  50  5:33  Stalker  
  56  5:38  Immortal  
  60  6:07  Stalker x2  
  60  6:09  Sentry x2  
  68  6:28  Pylon  
  68  6:30  Pylon  
  68  6:32  Pylon  
  68  6:41  Immortal  
  64  7:09  Stalker  
  64  7:10  Stalker x2  
  64  7:11  Stalker  
  72  7:33  Stalker x2  
  72  7:35  Stalker x2, Nexus  
  80  7:44  Pylon  
  80  7:51  Assimilator  
  80  7:54  Pylon  
  80  8:01  Stalker  
  82  8:19  Immortal  
  86  8:41  Stalker  
  88  8:58  Probe (Chrono Boost)  
  89  9:09  Probe (Chrono Boost)  
  90  9:20  Probe (Chrono Boost)  
  91  9:27  Stalker x2  
  91  9:30  Probe (Chrono Boost)  
  96  9:33  Stalker  
  98  9:44  Sentry  
  100  10:12  Stalker  
  60  10:55  Stalker x2  
Show
View Real Time Build Order
Export as new Build Order

Gracz Terran - Winner!

Build Orders: Reaper Expand, MMM Bio 

Get SALT Encoding   

  12  0:01  SCV  
  13  0:17  Supply Depot  
  13  0:18  SCV  
  14  0:28  Refinery  
  14  0:30  SCV  
  15  0:42  Barracks  
  15  0:49  SCV  
  16  1:01  SCV  
  17  1:13  SCV  
  18  1:22  Barracks  
  18  1:42  Command Center  
  18  1:46  SCV  
  19  1:58  Supply Depot  
  19  2:01  Barracks Reactor  
  19  2:25  Barracks  
  19  2:31  Refinery, Orbital Command  
  19  2:37  Reaper  
  19  2:39  Reaper  
  21  2:53  Barracks Tech Lab  
  21  2:56  Orbital Command  
  21  3:04  SCV  
  22  3:16  SCV  
  22  3:19  Factory  
  23  3:27  Barracks Tech Lab  
  23  3:28  SCV  
  23  3:31  Reaper x2  
  26  3:37  SCV  
  26  3:40  SCV  
  28  3:49  SCV  
  28  3:52  SCV  
  28  4:27  Factory Tech Lab  
  28  4:29  Starport  
  28  4:35  Engineering Bay  
  28  4:37  SCV x2  
  30  4:49  SCV x2  
  32  4:58  Refinery  
  32  5:01  SCV x2  
  32  5:02  Command Center  
  34  5:23  Command Center  
  33  5:36  SCV x2  
  35  5:44  Starport  
  35  5:48  SCV  
  36  5:51  Factory  
  36  5:56  Barracks  
  36  5:57  Combat Shields, Stimpack  
  36  6:01  Marine x2  
  36  6:03  Marauder  
  40  6:04  Marauder  
  40  6:09  Refinery  
  42  6:12  SCV x2  
  42  6:16  Starport Reactor  
  44  6:19  Marine x2  
  44  6:24  Siege Tank  
  44  6:25  Marauder  
  51  6:26  Marauder  
  51  6:27  Starport Reactor  
  53  6:35  Factory Tech Lab  
  53  6:36  Marine  
  53  6:37  Marine  
  55  6:46  Marauder  
  53  6:54  Marine  
  51  7:07  Marauder  
  53  7:15  Barracks Reactor  
  53  7:16  Siege Tank  
  56  7:29  Marauder  
  58  7:41  Medivac x2  
  58  7:43  Marauder  
  64  7:45  Medivac  
  64  7:50  Marauder  
  68  7:56  Orbital Command  
  68  8:00  SCV  
  68  8:01  SCV  
  68  8:03  Orbital Command  
  68  8:05  Marauder  
  72  8:11  Marauder  
  74  8:12  SCV  
  74  8:13  SCV  
  74  8:14  Terran Infantry Weapons Level 1  
  76  8:23  Concussive Shells  
  76  8:30  Marine x2, SCV x2  
  80  8:35  Supply Depot  
  80  8:38  SCV  
  80  8:39  SCV  
  82  8:42  SCV x2  
  82  8:47  Widow Mine x2  
  82  8:48  Marine  
  89  8:49  Marine x2  
  89  8:53  Marine  
  92  8:57  Marauder x2  
  92  8:58  Supply Depot  
  92  9:00  Medivac x2, Supply Depot  
  100  9:06  Marine  
  100  9:07  Marine x2  
  103  9:10  Marine  
  103  9:16  Widow Mine  
  106  9:19  Marauder  
  106  9:20  Marauder  
  110  9:25  Marine x2  
  112  9:35  Marine x2  
  114  9:40  Marauder  
  114  9:41  Marauder  
  114  9:43  Marine x2  
  120  9:52  Refinery  
  120  9:56  Marine x2  
  122  10:01  Marauder  
  124  10:14  Supply Depot  
  124  10:22  Supply Depot  
  124  10:29  Marine x2, Medivac, Marauder x2  
  132  10:36  Medivac  
  127  10:51  Marauder x2  
  126  11:04  Supply Depot  
  126  11:05  Supply Depot  
Tags
 
Add a new tag
Caveats
  • Supply blocks, unpowered buildings, or Contaminate may cause inaccurate times.
  • Supply counts are checked every 10 seconds.